 Dungeon Crawl Stone Soup version 0.31-a0-4-gefa6de2 (webtiles) character file.

Game seed: 13353675448095458446

2142 Nithhogg the Cleaver (level 9, -1/81 HPs)
             Began as a Hill Orc Fighter on May 3, 2023.
             Was an Initiate of the Shining One.
             Killed from afar by a steam dragon (20 damage)
             ... with a ball of steam
             ... on level 7 of the Dungeon.
             The game lasted 00:14:28 (6181 turns).

Nithhogg the Cleaver (Hill Orc Fighter)             Turns: 6181, Time: 00:14:28

Health: -1/81      AC: 13    Str: 23    XL:     9   Next: 30%
Magic:  14/14      EV: 10    Int:  8    God:    the Shining One [......]
Gold:   385        SH:  0    Dex: 16    Spells: 8/8 levels left

rFire   . . .        v - +1 flail (heavy)
rCold   . . .        (no shield)
rNeg    . . .        b - +0 scale mail
rPois   .            w - +0 helmet {SInv}
rElec   .            (no cloak)
rCorr   .            (no gloves)
SInv    +            (no boots)
Will    .....        (no amulet) Stlth
                     f - +6 ring of dexterity
HPRegen 0.33/turn    o - +4 ring of protection
MPRegen 0.14/turn

%: no passive effects
@: slowed, glowing, very slow
A: no striking features
a: Renounce Religion


You were on level 7 of the Dungeon.
You worshipped the Shining One.
The Shining One was noncommittal.
You visited 2 branches of the dungeon, and saw 8 of its levels.

You collected 385 gold pieces.

Inventory:

Hand Weapons
 l - a +3 hand axe
 n - a +1 trident of protection
 r - a +5 mace of protection
 t - a +2 dagger of protection
 v - a +1 heavy flail (weapon)
Armour
 b - a +0 scale mail (worn)
 c - a +0 buckler
 d - a +3 leather armour of fire resistance
 q - a +2 hat
 w - a +0 helmet of see invisible (worn)
Jewellery
 a - a ring of positive energy
 f - a +6 ring of dexterity (left hand)
 o - a +4 ring of protection (right hand)
 u - an amulet of magic regeneration
Scrolls
 g - 2 scrolls of immolation
 m - a scroll of noise
 y - 2 scrolls of poison
Potions
 e - 4 potions of flight
 i - 2 potions of curing
 s - a potion of attraction
 x - a potion of mutation
 A - 2 potions of resistance
 B - a potion of degeneration {unknown}
 E - 2 potions of magic {unknown}
 F - 2 potions of brilliance {unknown}
 G - a potion of invisibility {unknown}


   Skills:
 + Level 8.1 Fighting
 + Level 8.3 Axes
 + Level 7.3 Armour
 - Level 3.2 Shields
 + Level 7.7 Invocations


You had 8 spell levels left.
You didn't know any spells.
Your spell library contained the following spells:

 Spells                   Type           Power      Damage    Failure   Level
 Beastly Appendage        Tmut           0%         N/A       69%         1
 Kiss of Death            Conj/Necr      0%         2d5       69%         1
 Sandblast                Erth           0%         2d4       69%         1
 Shock                    Conj/Air       0%         1d3       69%         1
 Ensorcelled Hibernation  Hex/Ice        0%         N/A       83%         2
 Lesser Beckoning         Tloc           0%         N/A       83%         2
 Passwall                 Tmut/Erth      0%         N/A       83%         2
 Searing Ray              Conj           0%         2d4       83%         2
 Wereblood                Tmut           0%         N/A       83%         2
 Confusing Touch          Hex            0%         N/A       96%         3
 Gell's Gravitas          Tloc           0%         N/A       96%         3
 Hailstorm                Conj/Ice       0%         3d3       96%         3
 Spider Form              Tmut/Pois      0%         N/A       96%         3
 Swiftness                Air            0%         N/A       96%         3
 Teleport Other           Tloc           0%         N/A       96%         3
 Dispel Undead            Necr           0%         3d6       100%        4
 Blade Hands              Tmut           0%         N/A       100%        5
 Irradiate                Conj/Tmut      0%         3d11      100%        5
 Dragon Form              Tmut           0%         N/A       100%        7
 Spellforged Servitor     Conj/Summ      0%         N/A       100%        7


Dungeon Overview and Level Annotations

Branches:
Dungeon (7/15)             Temple (1/1) D:5

Altars:
Ashenzari
Elyvilon
Gozag
Hepliaklqana
Nemelex Xobeh
Okawaru
Qazlal
Sif Muna
Trog
Uskayaw
Vehumet
Yredelemnul
The Shining One


Message History

You feel very sick.
The hornet stings you but does no damage.
The howler monkey hoots and howls with incredible vigour!
The hornet stings you!
You are more poisoned.
You feel as though you will be slow longer.
You hear a shout! x2
* * * LOW HITPOINT WARNING * * *
You feel very sick.
The howler monkey hits you but does no damage.
The hornet stings you.
* * * LOW HITPOINT WARNING * * *
You feel as though you will be slow longer.
You can move again.
Okay, then.
Blink to where?
Press: ? - help, Dir - move target
As you read the scroll of blinking, it crumbles to dust.
* * * LOW HITPOINT WARNING * * *
You feel very sick.
As you read the scroll of teleportation, it crumbles to dust.
You feel strangely unstable.
* * * LOW HITPOINT WARNING * * *
You feel very sick.
You feel better.
The hornet stings you but does no damage.
The howler monkey hoots and howls with incredible vigour!
The howler monkey attacks as you move away!
The howler monkey hits you but does no damage.
The hornet attacks as you move away! The hornet barely misses you.
Your surroundings suddenly seem different.
A steam dragon, an orc warrior and 3 orcs come into view.
The steam dragon hisses angrily.
The orc shouts! x2; You hear a shout!
You feel better. The orc barely misses you.
The orc hits you but does no damage.
The orc warrior hits you with a +0 short sword.
* * * LOW HITPOINT WARNING * * *
The steam dragon breathes steam at you. The ball of steam hits you!!
You die...

#. .# #. .# #.
♣ ##.###.P♣
#####o.....PP
#..oo@.....P♣
......o.§...PPP
#.###....§...♣P
##....D..PP
####......
###... ###


You could see an orc warrior and 3 orcs.

Vanquished Creatures
  A steam dragon (D:6)
  Menkaure (D:5)
  Edmund (D:4)
  2 water moccasins
  A sky beast (D:6)
  An ice beast (D:4)
  An orc warrior (D:6)
  2 black bears (D:5)
  2 ogres
  A phantom (D:6)
  Blork the orc (D:6)
  The ghost of Caerwyn the Firebug, an amateur DEFE (D:3)
  3 scorpions (D:5)
  2 jellies (D:6)
  2 orc priests
  3 hounds
  2 iguanas
  2 orc wizards (D:6)
  4 gnolls (D:6)
  8 adders
  An ufetubus (D:6)
  A worm (D:3)
  3 dart slugs
  29 orcs
  2 bats (D:1)
  9 endoplasms
  3 giant cockroaches (D:1)
  6 goblins
  8 hobgoblins
  4 jackals
  5 quokkas
  9 ball pythons
  6 frilled lizards
  4 kobolds
  6 rats
137 creatures vanquished.

Vanquished Creatures (others)
  2 demonic plants (D:1)
2 creatures vanquished.

Grand Total: 139 creatures vanquished

Notes
Turn   | Place    | Note
-------+----------+-------------------------------------------
     0 | D:1      | Nithhogg the Hill Orc Fighter began the quest for the Orb.
     0 | D:1      | Reached XP level 1. HP: 19/19 MP: 1/1
   115 | D:1      | Reached XP level 2. HP: 21/27 MP: 2/2
   116 | D:1      | Reached skill level 1 in Invocations
   370 | D:1      | Reached XP level 3. HP: 33/33 MP: 4/4
   542 | D:1      | Found a faded altar of an unknown god.
  1534 | D:3      | Reached XP level 4. HP: 36/40 MP: 5/5
  1602 | D:3      | Found a broken altar of Ashenzari.
  1946 | D:3      | Reached XP level 5. HP: 33/47 MP: 6/6
  2175 | D:3      | Found a runed translucent door.
  2181 | D:3      | Noticed Caerwyn's ghost (amateur DEFE)
  2245 | D:3      | Killed Caerwyn's ghost
  2373 | D:4      | Reached skill level 5 in Fighting
  2431 | D:4      | Noticed an ogre
  2436 | D:4      | Killed an ogre
  2437 | D:4      | Reached XP level 6. HP: 33/56 MP: 8/8
  2625 | D:4      | Noticed Edmund
  2641 | D:4      | Killed Edmund
  2642 | D:4      | Reached skill level 5 in Axes
  2648 | D:4      | Reached skill level 5 in Armour
  2859 | D:4      | Noticed an ice beast
  2866 | D:4      | Killed an ice beast
  2867 | D:4      | Reached XP level 7. HP: 55/62 MP: 10/10
  3247 | D:5      | Entered Level 5 of the Dungeon
  3305 | D:5      | Reached skill level 5 in Invocations
  3509 | D:5      | Reached XP level 8. HP: 31/71 MP: 12/12
  4207 | D:5      | Found a staircase to the Ecumenical Temple.
  4207 | D:5      | Noticed Menkaure
  4214 | D:5      | Killed Menkaure
  4217 | Temple   | Entered the Ecumenical Temple
  4256 | Temple   | Became a worshipper of the Shining One
  5012 | D:6      | Noticed Blork the orc
  5021 | D:6      | Killed Blork the orc
  5022 | D:6      | Upgraded the game from 0.31-a0-2-g928a596 to
                  | 0.31-a0-4-gefa6de2
  5492 | D:6      | Reached XP level 9. HP: 69/80 MP: 14/14
  5584 | D:6      | Found a sparkling altar of Nemelex Xobeh.
  5584 | D:6      | Found a transporter.
  5584 | D:6      | Noticed a boulder beetle
  5603 | D:6      | Got Lieploo's Excursus on Iron Momentum
  6162 | D:7      | Noticed a hornet
  6171 | D:7      | Paralysed by a hornet for 1 turns
  6174 | D:7      | Paralysed by a hornet for 3 turns
  6181 | D:7      | Killed from afar by a steam dragon

Illustrated notes

Levels and vault maps discovered:
D:1:      dpeg_arrival_rooms_c, layout_rooms,
          dreamdust_ecumenical_altar_sealed_demon
D:2:      layout_loops_cross, nicolae_titane
D:3:      layout_rooms, lemuel_crystal_altar, ebering_ghost_sewer_d
D:4:      layout_cave_pods, serial_park_tiny_1, uniq_edmund
D:5:      layout_loops_ring, minmay_temple_entry_hall, uniq_menkaure
D:6:      nicolae_cairo_tiling_large, layout_rooms, grunt_nemelex_the_gamble,
          uniq_blork_the_orc
D:7:      kennysheep_housing_project, layout_cave_pods,
          mainiacjoe_overflow_alcove_1, zin_academy, mainiacjoe_overflow_paths,
          minitemple, nicolae_stop_n_shop_2, uniq_pikel
Temple:   chequers_temple_sunken

Skill      XL: |  1  2  3  4  5  6  7  8  9 |
---------------+----------------------------+-----
Axes           | 3 4 5 6 7 8 |  8.3
Invocations    | 1 2 3 4 5 7 |  7.7
Fighting       | 4 5 6 7 8 |  8.1
Armour         | 4 5 6 7 |  7.3
Shields        | |  3.2

Action                     |  1- 3 |  4- 6 |  7- 9 || total
---------------------------+-------+-------+-------++-------
  Melee: War axe           |   109 |    31 |       ||   140
         Mace              |       |    74 |       ||    74
         Flail             |       |    10 |   169 ||   179
         Punch             |       |       |     1 ||     1
    Use: Scroll            |     5 |     2 |     9 ||    16
         Potion            |       |     1 |     6 ||     7
 Armour: Scale mail        |    53 |    83 |   129 ||   265
  Dodge: Dodged            |    56 |    86 |   149 ||   291

Table legend: (Time is in decaauts)
 A = Elapsed time spent in this place.
 B = Non-inter-level travel time spent in this place.
 C = Inter-level travel time spent in this place.
 D = Time resting spent in this place.
 E = Time spent auto-exploring this place.
 F = Levels seen in this place.
 G = Mean time per level.
                   A        B        C        D        E       F      G
               +--------+--------+--------+--------+--------+-----+--------+
         Total |   6458 |   6245 |    213 |    256 |   4809 |   8 |  807.2 |
       Dungeon |   6225 |   6020 |    205 |    256 |   4594 |   7 |  889.3 |
        Temple |    232 |    224 |      8 |      0 |    215 |   1 |  232.0 |
               +--------+--------+--------+--------+--------+-----+--------+

Top non-repeatable levels by time:
     D:5: 1545 daAuts
     D:6: 1129 daAuts
     D:2: 1043 daAuts
     D:4: 979 daAuts
     D:3: 737 daAuts
     D:1: 577 daAuts
  Temple: 232 daAuts
     D:7: 212 daAuts
